 Dungeon Crawl Stone Soup version 0.28.0 (webtiles) character file.

Game seed: 4055238961623366322

9229 benadryl the Schismatic (level 11, -1/73 HPs)
             Began as a Gargoyle Abyssal Knight on Feb 11, 2022.
             Was an Elder of Lugonu.
             Slain by a two-headed ogre (17 damage)
             ... on level 10 of the Dungeon.
             The game lasted 00:34:03 (14800 turns).

benadryl the Schismatic (Gargoyle Abyssal Knight)  Turns: 14800, Time: 00:34:04

Health: -1/73      AC: 26    Str: 22    XL:     11   Next: 43%
Magic:  15/19      EV:  6    Int: 10    God:    Lugonu [****..]
Gold:   420        SH:  0    Dex: 10    Spells: 10/10 levels left

rFire   + . .      SeeInvis .   a - +2 battleaxe (freeze)
rCold   . . .      Faith    +   (shield currently unavailable)
rNeg    + . .      Spirit   .   s - +2 plate armour {Will+}
rPois   ∞          Reflect  .   h - +0 helmet
rElec   +          Harm     .   p - +2 cloak
rCorr   +          Rampage  .   B - +0 pair of gloves
Will    +....                   (no boots)
Stlth   ..........              n - amulet of faith
HPRegen 0.22/turn               z - ring of resist corrosion
MPRegen 0.16/turn               D - ring of protection from fire

@: slowed, studying Slings, very slow
A: sickness immunity, AC +8, negative energy resistance 1, electricity
resistance, torment resistance 1, petrification resistance
a: Renounce Religion, Depart the Abyss, Bend Space, Banish, Corrupt


You were on level 10 of the Dungeon.
You worshipped Lugonu.
Lugonu was greatly pleased with you.
You visited 1 branch of the dungeon, and saw 10 of its levels.
You visited the Abyss 1 time.

You collected 555 gold pieces.
You spent 135 gold pieces at shops.

Inventory:

Hand Weapons
 a - a +2 battleaxe of freezing (weapon)
 b - a +0 hunting sling of flaming
 d - a +1 hand axe of protection
 C - a +0 whip of draining
Missiles
 c - 3 javelins
 m - 6 silver javelins (quivered)
 q - 39 poisoned darts
 w - 21 sling bullets
Armour
 h - a +0 helmet (worn)
 i - a +2 chain mail of cold resistance
 p - a +2 cloak (worn)
 s - a +2 plate armour of willpower (worn)
 B - a +0 pair of gloves (worn)
Jewellery
 e - an amulet of regeneration
 n - an amulet of faith (around neck)
 z - a ring of resist corrosion (left hand)
 D - a ring of protection from fire (right hand)
Wands
 o - a wand of iceblast (13)
 t - a wand of paralysis (9)
 u - a wand of polymorph (3)
 y - a wand of acid (5)
 E - a wand of digging (7)
Scrolls
 g - 5 scrolls of identify {@r1}
 j - a scroll of vulnerability
 k - 3 scrolls of magic mapping
 r - a scroll of amnesia
 A - a scroll of summoning
Potions
 f - a potion of heal wounds
 l - a potion of flight
 v - a potion of attraction
Miscellaneous
 x - a lightning rod (4/4)


   Skills:
 + Level 10.4 Fighting
 * Level 8.6 Axes
 - Level 6.9(7.0) Slings
 - Level 0.4(4.3) Throwing
 - Level 2.1 Armour
 - Level 0.7 Dodging
 + Level 11.9 Invocations


You had 10 spell levels left.
You didn't know any spells.
Your spell library contained the following spells:

 Spells                   Type           Power      Damage    Failure   Level
 Summon Small Mammal      Summ           0%         N/A       100%        1
 Blink                    Tloc           0%         N/A       100%        2
 Ensorcelled Hibernation  Hex/Ice        0%         N/A       100%        2
 Passwall                 Tmut/Erth      0%         N/A       100%        2
 Call Canine Familiar     Summ           0%         N/A       100%        3
 Conjure Flame            Conj/Fire      0%         6-21      100%        3
 Ignite Poison            Fire/Tmut/Pois 0%         N/A       100%        3
 Lesser Beckoning         Tloc           0%         N/A       100%        3
 Ozocubu's Armour         Ice            0%         N/A       100%        3
 Summon Guardian Golem    Hex/Summ       0%         N/A       100%        3
 Swiftness                Air            0%         N/A       100%        3
 Sticky Flame             Conj/Fire      0%         2d3       100%        4
 Manifold Assault         Tloc           0%         N/A       100%        5
 Ozocubu's Refrigeration  Ice            0%         4d5       100%        7


Dungeon Overview and Level Annotations

Branches:
Dungeon (10/15)            Temple (0/1) D:7
   Lair: D:8-11         Orc: D:9-12

Altars:
Elyvilon
Fedhas
Gozag
Hepliaklqana
Kikubaaqudgha
Makhleb
Sif Muna
Vehumet
Wu Jian
Zin
The Shining One

Shops:
D:3 *[:[*

Annotations:
D:7 1 runed translucent door, Crazy Yiuf
Abyss:1 Gastronok


Innate Abilities, Weirdness & Mutations

You are immune to sickness and miasma.
Your stone body is resilient. (AC +8)
You are immune to poison.
You resist negative energy. (rN+)
You are resistant to electric shocks. (rElec)
You are resistant to unholy torment.
You are immune to petrification.


Message History

E - a wand of digging (7)
There are no items here.
The wraith hits you! The wraith drains your vigour!
You feel yourself slow down.
You see here a howler monkey corpse.
You hit the wraith but do no damage. The wraith hits you.
You hit the wraith but do no damage. The wraith hits you.
The wraith drains your vigour!
You feel as though you will be slow longer.
The wraith hits you but does no damage.
A two-headed ogre comes into view.
It is wielding a +0 giant spiked club and a +0 dire flail.
You hit the wraith.
The wraith is lightly damaged.
The wraith hits you! The wraith drains your vigour!
You feel as though you will be slow longer.
The wraith closely misses you.
You hit the wraith.
The wraith is moderately damaged.
You hit the two-headed ogre. You freeze the two-headed ogre.
The two-headed ogre barely misses you.
The two-headed ogre hits you but does no damage.
The wraith hits you but does no damage. The wraith closely misses you.
The two-headed ogre hits you but does no damage. x2
You hit the wraith.
The wraith is moderately damaged.
You barely miss the two-headed ogre. The wraith hits you but does no damage.
The two-headed ogre hits you with a +0 giant spiked club!!
The two-headed ogre hits you but does no damage.
The wraith barely misses you.
The two-headed ogre hits you with a +0 giant spiked club!
* * * LOW HITPOINT WARNING * * *
The two-headed ogre hits you but does no damage.
Press: ? - help, Shift-Dir - straight line, f - two-headed ogre
Aim: a two-headed ogre, wielding a +0 giant spiked club and a +0 dire flail (lightly wounded, chance to affect: 74%)
The two-headed ogre struggles to resist.
You can no longer gate yourself to the Abyss.
A centaur comes into view.
The wraith hits you but does no damage. x2
The two-headed ogre hits you with a +0 giant spiked club!
You die...

.# .# .# .# # .# .####.#
#.#.#.# #.#.O.# #####
#.#@#.# #....# ##W##.#
#.##.##### ###'###.#
#.#......# #...#.#.#
#.#..<.†<. #..#.##.#
#.#.###### #'..†#.'.#
#.#....... .c#..#.##.#
#.########
..#..)#(#.#####.########
###+###...............


You could see a two-headed ogre, a wraith and a centaur (wandering).

Vanquished Creatures
  Harold (D:9)
  Erica (D:8)
  Pikel (D:3)
  A meliai zombie (D:10)
  A wyvern (D:10)
  2 steam dragons (D:9)
  2 vampire mosquitoes
  An acid dragon (D:9)
  A water moccasin (D:6)
  Duvessa (D:4)
  A sky beast (D:6)
  4 orc warriors
  An ice beast (D:5)
  2 black bears
  3 ogres
  A necrophage (D:4)
  3 centaurs
  4 lemures (D:4)
  6 kobold brigands
  Blork the orc (D:4)
  5 bullfrogs
  4 scorpions
  A wyvern skeleton (D:5)
  Dowan (D:4)
  3 water moccasin skeletons
  20 wights
  7 killer bees
  5 howler monkeys
  2 centaur zombies
  2 bullfrog skeletons
  A hound (D:5)
  5 jellies
  2 orc priests
  An iguana (D:7)
  9 orc wizards
  A killer bee zombie (D:6)
  A howler monkey zombie (D:10)
  4 gnolls
  A howler monkey skeleton (D:6)
  4 adders
  A shadow imp (D:7)
  4 white imps
  2 ufetubi
  An adder skeleton (D:4)
  2 worms
  5 dart slugs
  22 orcs
  7 bats
  10 endoplasms
  2 giant cockroaches
  12 goblins
  5 hobgoblins
  6 jackals
  6 quokkas
  8 ball pythons
  5 frilled lizards
  17 kobolds
  6 rats
238 creatures vanquished.

Vanquished Creatures (others)
  10 fungi (D:10)
  12 plants (D:10)
22 creatures vanquished.

Grand Total: 260 creatures vanquished

Notes
Turn   | Place    | Note
-------+----------+-------------------------------------------
     0 | Abyss:1  | benadryl the Gargoyle Abyssal Knight began the quest for
                  | the Orb.
     0 | Abyss:1  | Reached XP level 1. HP: 14/14 MP: 2/2
    18 | Abyss:2  | Noticed a large abomination
    36 | D:1      | Escaped the Abyss
   414 | D:1      | Reached XP level 2. HP: 9/19 MP: 3/3
   713 | D:1      | Reached * piety under Lugonu
   842 | D:1      | Reached XP level 3. HP: 22/24 MP: 4/4
   877 | D:1      | You fall into a shaft and drop 1 floor!
   933 | D:2      | Found a faded altar of an unknown god.
  1298 | D:2      | Reached XP level 4. HP: 22/29 MP: 5/5
  1603 | D:1      | Reached ** piety under Lugonu
  1873 | D:3      | Found Tyunlypte's Assorted Antiques.
  1879 | D:3      | Found Neasef's Antique Armour Shop.
  1906 | D:3      | Found a blossoming altar of Fedhas.
  1906 | D:3      | Found a burning altar of Makhleb.
  1908 | D:3      | Found an opulent altar of Gozag.
  1925 | D:3      | Found Hassuor's Book Boutique.
  1989 | D:3      | Found Ovustitu's Antique Armour Shoppe.
  2090 | D:3      | Found Yprin's Assorted Antiques.
  2173 | D:3      | Reached XP level 5. HP: 32/34 MP: 5/7
  2426 | D:3      | Found a glowing golden altar of the Shining One.
  2822 | D:4      | Reached skill level 3 in Invocations
  2895 | D:4      | Noticed Pikel
  2895 | D:4      | Noticed a lemure
  2895 | D:4      | Noticed a lemure
  2895 | D:4      | Noticed a lemure
  2895 | D:4      | Noticed a lemure
  2913 | D:4      | Killed a lemure
  3045 | D:4      | Killed a lemure
  3078 | D:4      | Killed a lemure
  3138 | D:4      | Killed a lemure
  3340 | D:4      | Noticed Blork the orc
  3350 | D:4      | Killed Blork the orc
  3351 | D:4      | Reached XP level 6. HP: 33/40 MP: 8/8
  3434 | D:3      | Killed Pikel
  3435 | D:3      | Reached skill level 5 in Fighting
  3435 | D:3      | Reached skill level 5 in Invocations
  3435 | D:3      | Reached XP level 7. HP: 18/45 MP: 8/11
  3579 | D:4      | Reached skill level 6 in Invocations
  3585 | D:4      | Reached skill level 5 in Axes
  3585 | D:4      | Reached XP level 8. HP: 51/51 MP: 12/12
  3937 | D:4      | Found a radiant altar of Vehumet.
  3945 | D:4      | Noticed Dowan
  3946 | D:4      | Noticed Duvessa
  3983 | D:4      | Killed Duvessa
  4010 | D:4      | Killed Dowan
  4079 | D:3      | Bought a shiny chain mail for 135 gold pieces
  4319 | D:4      | Identified the +5 spear "Rashroe" {holy, rC+}
  4554 | D:4      | Reached skill level 7 in Invocations
  4556 | D:4      | Found a white marble altar of Elyvilon.
  4581 | D:4      | Found a shimmering blue altar of Sif Muna.
  4753 | D:5      | Entered Level 5 of the Dungeon
  4761 | D:5      | Reached *** piety under Lugonu
  5001 | D:5      | Reached skill level 8 in Invocations
  5132 | D:5      | Reached XP level 9. HP: 48/57 MP: 15/15
  5162 | D:5      | Identified the +0 leather armour of Poroh {Harm rElec
                  | Stlth-}
  5665 | D:5      | Reached skill level 9 in Invocations
  7122 | D:6      | Reached skill level 10 in Invocations
  7139 | D:6      | Reached **** piety under Lugonu
  7759 | D:6      | Reached XP level 10. HP: 34/65 MP: 12/17
  9999 | D:7      | Found a runed translucent door.
 10000 | D:7      | Noticed Crazy Yiuf
 10089 | D:7      | Found a staircase to the Ecumenical Temple.
 10639 | D:7      | Reached skill level 1 in Slings
 11472 | D:8      | Noticed Erica
 11507 | D:8      | Killed Erica
 11508 | D:8      | Reached skill level 11 in Invocations
 11592 | D:8      | Found a hazy altar of Hepliaklqana.
 11628 | D:8      | Noticed Gastronok
 11632 | D:8      | Banished Gastronok
 11633 | D:8      | Reached XP level 11. HP: 37/72 MP: 14/19
 11812 | D:8      | Found an ancient bone altar of Kikubaaqudgha.
 11938 | D:8      | Found an ornate altar of the Wu Jian Council.
 12542 | D:9      | Found a glowing silver altar of Zin.
 12545 | D:9      | Reached skill level 10 in Fighting
 12804 | D:9      | Noticed Harold
 12822 | D:9      | Killed Harold
 13310 | D:9      | Reached ***** piety under Lugonu
 14111 | D:10     | Entered Level 10 of the Dungeon
 14796 | D:10     | Noticed a two-headed ogre
 14800 | D:10     | Slain by a two-headed ogre

Illustrated notes

Levels and vault maps discovered:
D:1:      nzn_arrival_depleted_hourglass, layout_rooms
D:2:      layout_basic, hellmonk_ecumenical_altar_dog_temple, minmay_vboxes
D:3:      minmay_bubble_buster, layout_basic, nicolae_overflow_quartered_altars,
          serial_shops, nicolae_shop_hallway_plus, shop, shop, shop,
          nicolae_shop_trees
D:4:      cheibrodos_quashed, layout_loops_corners,
          mainiacjoe_overflow_small_starburst, mainiacjoe_overflow_big_doors,
          kennysheep_generic_room_14, uniq_duvessa, uniq_blork_the_orc,
          uniq_pikel
D:5:      layout_cave_pools
D:6:      minmay_clustersquares, layout_rooms, fountainhead, glass_columns_c
D:7:      layout_rooms, temple_hall_moat, minmay_manual_maat,
          uniq_crazy_yiuf_cottage
D:8:      layout_rooms, mainiacjoe_overflow_six_doors_small,
          general_overflow_altar, lemuel_round_altar, uniq_erica, uniq_gastronok
D:9:      layout_loops_corners, mainiacjoe_overflow_surrounded_room, uniq_harold
D:10:     minmay_the_grid_square_5x5_4x4
          [minmay_the_grid_square_5x5_pentomino_r,
          minmay_the_grid_square_5x5_hourglass,
          minmay_the_grid_square_5x5_two_small,
          minmay_the_grid_square_5x5_half_checkered,
          minmay_the_grid_square_5x5_three_walls,
          minmay_the_grid_square_5x5_prize_junk,
          minmay_the_grid_square_5x5_prize_rear_guard,
          minmay_the_grid_square_5x5_percent, minmay_the_grid_square_5x5_lines,
          minmay_the_grid_square_5x5_prize_gold,
          minmay_the_grid_square_5x5_prize_snowflake,
          minmay_the_grid_square_5x5_intrusive_squares,
          minmay_the_grid_square_5x5_almost_minimal,
          minmay_the_grid_square_5x5_eight_small, minmay_the_grid_square_5x5_n,
          minmay_the_grid_square_5x5_shrine2], layout_basic,
          lemuel_zombie_altar_yredelemnul, nicolae_overflow_hidden_temple,
          grunt_lair_entry_orc_guard_hut

Skill      XL: |  1  2  3  4  5  6  7  8  9 10 11 |
---------------+----------------------------------+-----
Axes           | 2 3 4 5 6 7 8 |  8.6
Fighting       | 4 5 7 8 9 10 | 10.4
Invocations    | 3 5 6 8 10 11 | 11.9
Slings         | 6 |  6.9
Throwing       | |  0.4
Armour         | |  2.1
Dodging        | |  0.7

Action                   |  1- 3 |  4- 6 |  7- 9 | 10-12 || total
-------------------------+-------+-------+-------+-------++-------
Melee: Hand axe          |    30 |       |       |       ||    30
       Whip              |    73 |   295 |   550 |   375 ||  1293
       Punch             |       |       |     7 |     6 ||    13
       Battleaxe         |       |       |       |   116 ||   116
 Fire: Hunting sling     |       |       |       |    49 ||    49
Throw: Javelin           |       |       |    14 |     2 ||    16
       Dart              |       |       |       |     6 ||     6
Invok: Depart the Abyss  |     1 |       |       |       ||     1
       Banish            |       |       |     3 |     2 ||     5
       Bend Space        |       |       |       |     2 ||     2
Evoke: Wand              |       |       |     1 |     3 ||     4
  Use: Potion            |       |     4 |       |     3 ||     7
       Scroll            |       |       |     8 |     5 ||    13
Armor: Leather armour    |    28 |   108 |    41 |       ||   177
       Chain mail        |       |       |   335 |   151 ||   486
       Plate armour      |       |       |       |   471 ||   471
Dodge: Dodged            |    68 |   136 |   264 |   243 ||   711
